 Dungeon Crawl Stone Soup version 0.18.1-5-g4a78601 (webtiles) character file.

483 shmeve the Cudgeler (level 7, 44/75 HPs)
             Began as an Ogre Berserker on May 14, 2016.
             Was a Priest of Trog.
             Quit the game on level 4 of the Dungeon.
             The game lasted 00:05:09 (3443 turns).

shmeve the Cudgeler (Ogre Berserker)                Turns: 3443, Time: 00:05:10

Health: 44/75      AC:  4    Str: 23    XL:     7   Next: 12%
Magic:  7/7        EV: 11    Int:  6    God:    Trog [***...]
Gold:   175        SH:  0    Dex: 11    Spells: 0 memorised, 6 levels left

rFire  . . .     SeeInvis .     a - +0 mace
rCold  . . .     Gourm    .     b - +1 animal skin
rNeg   . . .     Faith    .     (no shield)
rPois  .         Spirit   .     (helmet restricted)
rElec  .         Dismiss  .     (no cloak)
rCorr  .         Reflect  .     (gloves unavailable)
SustAt .         Harm     .     (boots unavailable)
MR     .....                    (no amulet)
Stlth  +.........               (no ring)
                                (no ring)

@: mildly poisoned (44 -> 42), exhausted, slowed, very slow, not resistant to
hostile enchantments, very unstealthy
A: unfitting armour, tough skin 1
a: Berserk, Trog's Hand, Burn Spellbooks, Renounce Religion


You were on level 4 of the Dungeon.
You worshipped Trog.
Trog was most pleased with you.
You were very hungry.

You visited 1 branch of the dungeon, and saw 4 of its levels.

You collected 175 gold pieces.

Inventory:

Hand Weapons
 a - a +0 mace (weapon)
Armour
 b - a +1 animal skin (worn)
Scrolls
 f - 2 scrolls of remove curse
 i - 4 scrolls of identify {unknown}
 j - a scroll of immolation {unknown}
 o - a scroll of magic mapping {unknown}
Potions
 l - a potion of curing {unknown}
Comestibles
 c - 2 bread rations
 g - 2 meat rations
 k - 2 royal jellies
 m - 2 slices of pizza


   Skills:
 * Level 6.2 Fighting
 * Level 6.5 Maces & Flails
 + Level 2.8 Throwing
 * Level 4.2 Dodging


You had 6 spell levels left.
You didn't know any spells.

Dungeon Overview and Level Annotations

Branches:
Dungeon (4/15)
 Temple: D:4-7

Altars:
Trog


Innate Abilities, Weirdness & Mutations

You are too large for most types of armour.
You have tough skin (AC +1).


Message History

You are no longer glowing.
You feel sick. The worker ant bites you. The worker ant closely misses you.
You barely miss the worker ant.
The worker ant is heavily wounded.
You feel sick.
The worker ant bites you but does no damage.
The worker ant bites you.
You hit the worker ant but do no damage.
The worker ant is heavily wounded.
The worker ant bites you.
You sock the worker ant!
The worker ant is almost dead.
You feel sick. The worker ant bites you. The worker ant completely misses you.
The worker ant misses you.
You hit the worker ant.
You kill the worker ant!
Trog accepts your kill.
You feel sick.
You see here a worker ant corpse.
Are you sure you want to abandon this character and quit the game? (Confirm with "yes".)

#.## #..######.[....
...##".............
..##.##...##.........
≈.........../........
≈..#.#....###.#.#####
. #.#....# #.#.# #
... #.#....# #.#.# #
≈≈≈≈.##.#....###.#.#
#
≈......@†........#.#
#
###..........##....#
# #..##......# .####
# #. ....#...##. # #
####...### # ##?## #
.# # .# # .


There were no monsters in sight!

Vanquished Creatures
  The ghost of Chaotic the Magician, an amateur SpEn of Gozag (D:4)
  The ghost of godplex the Insei, an amateur DsMo of Pakellas (D:3)
  A giant frog (D:4)
  2 hounds (D:4)
  3 worker ants (D:4)
  4 adders
  A worm (D:2)
  3 dart slugs
  A giant gecko (D:3)
  An orc (D:4)
  5 giant cockroaches
  11 goblins
  6 hobgoblins
  4 jackals (D:1)
  2 quokkas (D:3)
  5 bats
  A giant newt (D:3)
  8 kobolds
  4 rats
64 creatures vanquished.

Notes
Turn   | Place    | Note
--------------------------------------------------------------
     0 | D:1      | shmeve the Ogre Berserker began the quest for the Orb.
     0 | D:1      | Reached XP level 1. HP: 24/24 MP: 1/1
   166 | D:1      | Reached XP level 2. HP: 32/32 MP: 2/2
   712 | D:1      | Reached XP level 3. HP: 31/40 MP: 3/3
   892 | D:1      | Reached ** piety under Trog
   984 | D:2      | Reached skill level 1 in Throwing
  1514 | D:2      | Reached XP level 4. HP: 44/49 MP: 4/4
  1891 | D:2      | Found a bloodstained altar of Trog.
  2193 | D:3      | Reached skill level 5 in Maces & Flails
  2367 | D:3      | Noticed godplex's ghost (amateur DsMo)
  2380 | D:3      | Killed godplex's ghost
  2380 | D:3      | Reached skill level 5 in Fighting
  2380 | D:3      | Reached XP level 5. HP: 29/57 MP: 5/5
  2979 | D:4      | Reached XP level 6. HP: 38/66 MP: 6/6
  3392 | D:4      | Reached *** piety under Trog
  3408 | D:4      | Noticed Chaotic's ghost (amateur SpEn)
  3428 | D:4      | Killed Chaotic's ghost
  3428 | D:4      | Reached XP level 7. HP: 75/75 MP: 7/7
  3443 | D:4      | Quit the game

Skill      XL: |  1  2  3  4  5  6 |
---------------+-------------------+-----
Dodging        | 3 4 |  4.2
Throwing       | 1 2 |  2.8
Maces & Flails | 5 6 |  6.5
Fighting       | 5 6 |  6.2

Action                   |  1- 3 |  4- 6 |  7- 9 || total
-------------------------+-------+-------+-------++-------
Melee: Mace              |    96 |   138 |     8 ||   242
Invok: Berserk           |     1 |     2 |       ||     3
Evoke: Wand              |       |     4 |       ||     4
  Use: Scroll            |       |     3 |       ||     3
  Eat: Chunk             |     3 |     7 |       ||    10
Armor: Animal skin       |    23 |    52 |     1 ||    76
Dodge: Dodged            |    64 |    88 |     7 ||   159
